[Event "2nd Serbia Open Masters 2022"]
[Site "Novi Sad"]
[Date "2022.07.01"]
[Round "4.27"]
[White "Pasti, Aron"]
[Black "Suleymanli, Aydin"]
[Result "*"]
[ECO "C17"]
[WhiteElo "2380"]
[BlackElo "2537"]
[Annotator "TA"]
[PlyCount "66"]
[EventDate "2022.06.28"]
[EventType "swiss"]
[EventCountry "SRB"]
[SourceTitle "playchess.com"]
[Source "ChessBase"]
[SourceQuality "1"]
[TimeControl "40/5400+30:900+30"]

1. e4 e6 2. d4 d5 3. Nc3 Bb4 4. e5 c5 5. Bd2 Ne7 6. a3 Bxc3 7. Bxc3 b6 8. Bb5+ Bd7 9. Bd3 Nbc6 {[%emt 0:00:03] C17: French: 3 Nc3 Bb4 4 e5 c5 sidelines.} 10. f4 c4 11. Be2 Nf5 {[%emt 0:00:16] Hoping for ...Qh4+. The position is equal.} 12. g3 {[%emt 0:03:45] Inhibits Qh4.} b5 13. b4 a5 14. bxa5 Rxa5 {[%emt 0:00:53] [#]} 15. Nf3 $146 ({Predecessor:} 15. Qd2 Ra4 16. Nf3 O-O 17. O-O Qb6 18. g4 Nfe7 19. Bb2 f5 20. exf6 Rxf6 21. Ne5 Be8 {½-½ (21) Bartel,M (2623)-Vallejo Pons,F (2689) Germany 2016}) 15... b4 (15... Ra4 $11 {remains equal.}) 16. axb4 $16 (16. Bxb4 $2 Ne3 17. Bxa5 Qxa5+ 18. Qd2 Nxc2+ 19. Kf2 Qxd2 20. Nxd2 Nxa1 21. Rxa1 Nxd4 $17) 16... Ne3 17. Qd2 Rxa1+ 18. Bxa1 Nxb4 19. Bd1 Nxd1 20. Qxb4 Ne3 21. Kd2 Ng4 {[%emt 0:04:35] [#]} (21... Nf5 $16) 22. Bb2 $1 $18 {[%emt 0:07:09] Black must now prevent Ra1.} Qe7 23. Qb8+ ({Better is} 23. Ba3 $18 Qxb4+ 24. Bxb4) 23... Qd8 $14 24. Qb4 (24. Qxd8+ $14 Kxd8 25. Ng5) 24... Qe7 $1 $18 25. Qb8+ ({White should try} 25. Ba3 $18 Qxb4+ 26. Bxb4) 25... Qd8 $14 26. Qb4 (26. Qxd8+ $14 Kxd8 27. Ng5) 26... Qe7 $1 $18 {[%emt 1:07:27] [#]} 27. Qxe7+ (27. Ba3 $1 $18 {[%csl Ga3][%cal Rb4e7] and White stays clearly on top.} Qxb4+ 28. Bxb4) 27... Kxe7 $16 28. Ba3+ Ke8 (28... Kd8 $16) 29. Bb4 Kd8 30. Ra1 Kc7 31. Ra7+ Kc6 32. Bd6 {Inhibits Rb8. Rc7+ is the strong threat.} Rc8 {[%emt 0:01:00] Prevents Rc7+.} 33. Ng5 {[%emt 0:01:00][%csl LRf7,LRh7] White is more active.} Nh6 {Weighted Error Value: White=0.20 (precise) /Black=0.15 (very precise)} *

[Event "2nd Serbia Open Masters 2022"]
[Site "Novi Sad"]
[Date "2022.07.01"]
[Round "4.28"]
[White "Roebers, Eline"]
[Black "Zanan, Evgeny"]
[Result "0-1"]
[ECO "B96"]
[WhiteElo "2369"]
[BlackElo "2534"]
[Annotator "TA"]
[PlyCount "124"]
[EventDate "2022.06.28"]
[EventType "swiss"]
[EventCountry "SRB"]
[SourceTitle "playchess.com"]
[Source "ChessBase"]
[SourceQuality "1"]
[TimeControl "40/5400+30:900+30"]

1. e4 c5 2. Nf3 d6 3. d4 cxd4 4. Nxd4 Nf6 5. Nc3 a6 6. Bg5 e6 7. f4 h6 8. Bh4 Qb6 9. a3 Nc6 {[%emt 0:00:06] B96: Sicilian Najdorf: 6 Bg5 e6 7 f4, lines other than 7...Qb6 and 7...Be7.} (9... Qxb2 $2 10. Na4 Qxa1 11. Qxa1 $18) 10. Bf2 Qc7 (10... Qxb2 $2 11. Na4 Qxa1 12. Qxa1 $18) 11. Qf3 e5 {[%emt 0:00:05] White has an edge.} 12. Nxc6 bxc6 {[%emt 0:08:06] [#]} 13. f5 $146 ({Predecessor:} 13. fxe5 dxe5 14. Bc4 Rb8 15. O-O Be7 16. h3 Be6 17. Bxe6 fxe6 18. b3 c5 19. Na4 {½-½ (32) Elyoseph,H (2429)-Ciciotti,A (2429) ICCF email 2020}) 13... d5 14. O-O-O d4 15. Nb1 c5 16. Nd2 Bb7 17. Bc4 h5 18. g3 (18. Bh4 $14) 18... Be7 $15 19. Kb1 Ng4 (19... Rb8 $15) 20. Bd3 (20. h3 $5 Nxf2 21. Qxf2 $11) 20... c4 21. Nxc4 Nxf2 22. Qxf2 Rh6 23. Rhg1 a5 24. a4 Ba6 (24... Rb8 $11 25. b3 Ba6) 25. Qe2 (25. b3 $14 {deserves consideration.}) 25... Rb8 ({Black should play} 25... Rc6 $1 $11 26. Nd2 Rc8 27. Bxa6 (27. Qxh5 $2 Rxc2 28. Nc4 Rxc4 $19) 27... Rxa6 28. Qxa6 Qxc2+ 29. Ka2 Qxa4+ 30. Kb1 Qc2+ 31. Ka2 Qa4+ 32. Kb1 Qc2+ 33. Ka2 Qa4+) 26. b3 $36 {[%emt 0:03:15][%cal Oc4e5][%mdl 2048] White has the initiative.} Rc6 27. Nb2 (27. Nxe5 $2 Qxe5 28. Rg2 (28. Bxa6 $2 d3 $19) 28... Bxd3 29. Rxd3 h4 $19) 27... Bxd3 28. Rxd3 Rc8 29. Rg2 $1 Bb4 30. Nd1 (30. Nc4 $2 Rxc4 31. f6 (31. bxc4 $2 Bc3 $19) 31... gxf6 $1 $19) (30. g4 $16) 30... Rc5 31. g4 Qb7 32. c4 (32. Qf3 $14) 32... dxc3 $11 33. Qc2 Qxe4 34. Ne3 {[%emt 0:00:16][%cal Od3d8] And now Rd8+! would win.} (34. Rd8+ $2 Rxd8 35. Qxe4 Rxd1+ 36. Ka2 Rd2+ 37. Rxd2 cxd2 $19) 34... Qf4 35. f6 $2 (35. gxh5 $11 Kf8 36. Nd5 Qxf5 37. Nb6) 35... Qxf6 (35... e4 $142 36. Rd4 (36. fxg7 $2 exd3 37. Qxd3 Ke7 $19) 36... Qxf6 37. Rxe4+ Kf8) 36. Rf2 (36. gxh5 $17 {was worth a try.} e4 37. Rd1) 36... Qg6 37. gxh5 Qxh5 38. Nf5 Kf8 39. Rd7 R5c7 ({Black should try} 39... R5c6 $1 $17 {[%cal Rc6f6] ...Rf6 is the strong threat.} 40. Ng3 Qg6 41. Qxg6 Rxg6 42. Rdxf7+ Kg8) 40. Qd3 $2 {[%emt 0:00:00][%mdl 8192] Black converts the advantage convincingly.} (40. Ng3 $11 {and White is okay.} Rxd7 41. Nxh5) 40... Qg5 $19 ({Weaker is} 40... c2+ 41. Rxc2 $1 Kg8 42. Rdxc7 $18) 41. Rxc7 Rxc7 {[%emt 0:01:16] Dancing on a razor blade.} 42. Kc2 g6 ({Don't go for} 42... Ba3 $2 43. Ne3 $19) 43. Ne3 Bc5 44. Rf3 Bxe3 45. Rxe3 {[%emt 0:00:01][%mdl 4096] Endgame KQR-KQR} Kg7 46. Re2 $2 (46. Qe4 Rc5 47. Rxc3) 46... Rc5 47. Rf2 Qe7 {[%emt 0:01:07] Prevents Qd7.} 48. Qg3 Qb7 {[%emt 0:01:59] Threatens to win with ...Qe4+.} 49. Qh4 f5 {[%emt 0:01:15] Hoping for ...f4.} 50. Re2 e4 {[%emt 0:00:26] Strongly threatening ...Qd7.} 51. Qg5 Qd7 52. Rg2 Rc6 {[%emt 0:00:29] ( -> ...Qd3+)} 53. h4 Qd3+ 54. Kc1 Qd6 (54... Kf7 $142 55. h5 c2 56. Qxg6+ Rxg6 57. hxg6+ Kg7 58. Rxc2 Qxb3 59. Rc7+ Kxg6 60. Rc8 f4 61. Rc6+ Kg5 62. Rc7 f3 63. Rc5+ Kg4 64. Rc2 {[#]} Qxc2+ $3 65. Kxc2 f2 66. Kc3 f1=Q 67. Kd4 e3 68. Ke5 e2 69. Ke6 e1=Q+ 70. Kd5 Qf3+ 71. Kd6 Qb7 72. Kc5 Qeb4#) 55. h5 Qa3+ 56. Kd1 Qxb3+ 57. Ke1 Qb1+ 58. Kf2 e3+ 59. Kg3 Qe4 {[%emt 0:00:22] Black mates.} 60. h6+ Kh7 61. Qd8 Qe5+ 62. Kh3 Qc7 {[%emt 0:00:50] Weighted Error Value: White=0.57/Black=0.30} 0-1

[Event "2nd Serbia Open Masters 2022"]
[Site "Novi Sad"]
[Date "2022.07.01"]
[Round "4.29"]
[White "Budisavljevic, Luka"]
[Black "Pap, Misa"]
[Result "1-0"]
[ECO "A80"]
[WhiteElo "2507"]
[BlackElo "2375"]
[Annotator "TA"]
[PlyCount "171"]
[EventDate "2022.06.28"]
[EventType "swiss"]
[EventCountry "SRB"]
[SourceTitle "playchess.com"]
[Source "ChessBase"]
[SourceQuality "1"]
[TimeControl "40/5400+30:900+30"]

1. d4 f5 2. Bf4 Nf6 3. e3 e6 4. Nf3 b6 5. h3 Bb7 6. Nbd2 {[%emt 0:01:01] A80: Dutch Defence: Unusual White second moves.} g6 7. Bd3 Bg7 8. c3 {[%emt 0:01:43] White has an edge.} O-O 9. Qc2 {[%emt 0:00:33] [#]} c5 $146 ({Predecessor:} 9... d6 10. O-O Nh5 11. Bc4 Qe7 12. Qb3 Re8 13. Ng5 Bc8 14. Ngf3 h6 15. Bh2 Kh7 {½-½ (61) Olsen,F (2353)-Haldorsen,B (2460) Ballerup 2020}) 10. Bd6 Re8 11. O-O-O (11. dxc5 $14 bxc5 12. Bxc5) 11... Qc8 (11... cxd4 $11 12. exd4 (12. cxd4 Bf8 $11) 12... Nc6) 12. Rhg1 $14 Qc6 (12... Bd5 $14) 13. Be5 $16 {[%emt 0:04:52] White is more active.} d5 14. Bxf6 Bxf6 15. g4 $1 c4 16. Be2 Nd7 17. h4 Kf7 18. h5 Rh8 19. gxf5 gxf5 20. Ng5+ Ke7 21. f3 ({White should play} 21. h6 $16) 21... Rag8 $11 22. Nh3 Qd6 $36 {[%emt 0:00:00][%mdl 2048] Black fights for an advantage.} 23. Rh1 {[%emt 0:10:58] Prevents Qh2.} Rg2 24. Bf1 Rh2 25. Rxh2 Qxh2 26. Qa4 a5 27. Nf4 Re8 28. Qa3+ Kf7 (28... Kd8 $1 $15) 29. Qd6 $14 Re7 30. Qc7 {[%emt 0:01:12] Really sharp!} Nf8 $1 31. Qxb6 Bg5 32. Ng2 $1 Qxh5 33. Qxa5 Ng6 34. f4 Bh4 (34... Bf6 $16 {might work better.}) 35. Qa4 $2 (35. Nxh4 $18 Qxh4 36. Be2) 35... Bf2 {[%emt 0:01:02] [#]} (35... Bg3 $1 $14) 36. Qc2 $1 $16 {[%emt 0:00:12][%cal Od2c4] Black must now prevent Nxc4!} Bg3 37. Ne1 Kg7 38. Ndf3 Bc6 39. Qg2 Bxe1 (39... Qg4 $16 {was worth a try.}) 40. Rxe1 $18 Qg4 41. Qf2 Kf8 42. Be2 {[%emt 0:00:36] Hoping for Qh2.} Qh3 43. Ng5 Qh6 44. Qg2 {[%emt 0:01:00] And now Rh1 would win.} Qg7 45. Rh1 h6 46. Nf3 Ra7 47. Kb1 Ne7 48. Qh2 Ng8 49. Rg1 Qf6 50. Ne5 Be8 {[%emt 0:00:06] Inhibits Rg6.} 51. Bh5 Rg7 $2 (51... Bxh5 52. Qxh5 Rg7) 52. Bxe8 Kxe8 53. Qh5+ (53. a4 $142) 53... Ke7 (53... Kd8 $142 54. Rh1 Qf8) 54. Rg6 $2 (54. Rxg7+ Qxg7 55. Qd1 (55. Qh4+ Nf6 $16) 55... Nf6 $16) (54. Qd1 $18 {and White stays clearly on top.} Kd6 55. Rh1) 54... Rxg6 $16 55. Qxg6 Qxg6 56. Nxg6+ {[%emt 0:00:02][%mdl 4096] Endgame KN-KN} Kd6 57. b3 ({Better is} 57. Kc2 $16) 57... cxb3 $14 58. axb3 Nf6 59. Kc2 h5 60. c4 dxc4 61. bxc4 Ng4 62. Kd2 Nf2 63. Ke2 Ne4 64. Nh4 Ke7 65. Nf3 {[%emt 0:00:13] Threatens to win with Nd2.} Nc3+ 66. Kd2 Ne4+ 67. Ke2 {[%emt 0:00:01] aiming for Nd2.} Nc3+ $1 68. Ke1 Kd6 $2 {[%emt 0:00:00][%mdl 8192] [#]} (68... Kd7 $16 {is tougher.}) 69. Nd2 $1 $18 h4 70. Kf2 (70. Kf1 $142) 70... Nd1+ 71. Kf3 Nb2 $2 (71... Kc6 $14 72. Ke2 h3) 72. Kg2 Nd1 73. Nf1 Nb2 74. Nd2 $2 (74. c5+ $18 Kd7 75. Kh3) 74... Nd1 $11 75. Nf1 $2 (75. c5+ $11 Kc6 76. Nf1) 75... Nb2 $1 $18 76. c5+ Kd5 $2 (76... Ke7 77. Kh3 Nd1 78. Kxh4 Kf6) 77. Kh3 Ke4 78. Kxh4 Kd3 79. Kg5 {[%emt 0:01:29] White mates.} Ke2 {[%emt 0:00:00] [#]} 80. c6 $1 Nc4 {[%emt 0:00:00] [#]} 81. Kf6 $1 Kxf1 (81... e5 82. fxe5) 82. c7 Nb6 83. Kxe6 Ke2 84. d5 Kxe3 85. d6 Kxf4 86. d7 {[%emt 0:00:04] Weighted Error Value: White=0.23 (precise) /Black=0.27 (precise)} 1-0

[Event "2nd Serbia Open Masters 2022"]
[Site "Novi Sad"]
[Date "2022.07.01"]
[Round "4.30"]
[White "Muradli, Mahammad"]
[Black "Tadic, Stefan"]
[Result "1-0"]
[ECO "D12"]
[WhiteElo "2539"]
[BlackElo "2358"]
[Annotator "TA"]
[PlyCount "79"]
[EventDate "2022.06.28"]
[EventType "swiss"]
[EventCountry "SRB"]
[SourceTitle "playchess.com"]
[Source "ChessBase"]
[SourceQuality "1"]
[TimeControl "40/5400+30:900+30"]

1. c4 c6 2. Nf3 d5 3. e3 Nf6 4. d4 Bf5 5. Nc3 e6 6. Nh4 Be4 7. f3 Bg6 8. Qb3 Qb6 9. Nxg6 hxg6 10. Bd2 {[%emt 0:00:17] D12: Slav Defence: 3 Nf3 Nf6 4 e3 Bf5.} Qxb3 11. axb3 a6 12. c5 {[%emt 0:05:33] White is slightly better.} Nbd7 13. b4 {[%emt 0:02:00][%cal Ob4b5] Strongly threatening b5!} Rc8 14. Kf2 Be7 {[%emt 0:05:35] [#]} 15. Bd3 $146 ({Predecessor:} 15. Be2 Bd8 16. g4 g5 17. Kg2 Nh7 18. Bd3 Bf6 19. Be1 Nhf8 20. Bg3 g6 21. Ne2 {1-0 (67) Ivanov,M (2446)-Giesen,D (2212) Schwarzach 2001}) 15... e5 16. h4 Bd8 17. g4 Bc7 18. Rag1 Nf8 (18... exd4 $14 19. exd4 Nf8) 19. dxe5 $16 Bxe5 20. f4 Bc7 21. Ne2 N8d7 22. Bc3 Kf8 ({Black should play} 22... a5) 23. Bd4 (23. h5 $142) 23... Re8 24. h5 gxh5 25. g5 Ne4+ 26. Bxe4 Rxe4 27. Kf3 f6 28. g6 Re8 29. Ng3 $1 Kg8 (29... h4 $16) 30. Nxh5 $18 Bd8 31. Rh3 Rh6 {[%emt 0:00:31] [#]} 32. f5 $1 {[%emt 0:03:15] White is more active.} Re4 {[%emt 0:01:24] [#]} 33. Rgh1 $1 {[%emt 0:00:14][%cal Oh5g7] Nxg7! is the strong threat.} Ne5+ 34. Ke2 Ng4 $2 {[%emt 0:02:23][%mdl 8192] This move loses the game for Black.} (34... Be7 $16) 35. Rh4 {[%emt 0:03:33] White is clearly winning.} Ne5 (35... Be7 $142 36. Ng3 Bd8 37. Nxe4 dxe4) 36. Rxe4 dxe4 37. Bxe5 fxe5 38. Ng3 Rxh1 39. Nxh1 Bh4 40. Nf2 {[%emt 0:00:00] Weighted Error Value: White=0.07 (flawless) /Black=0.43} 1-0

[Event "2nd Serbia Open Masters 2022"]
[Site "Novi Sad"]
[Date "2022.07.01"]
[Round "4.31"]
[White "Ohanyan, Emin"]
[Black "Kovacevic, Aleksandar"]
[Result "1-0"]
[ECO "A79"]
[WhiteElo "2366"]
[BlackElo "2503"]
[Annotator "TA"]
[PlyCount "119"]
[EventDate "2022.06.28"]
[EventType "swiss"]
[EventCountry "SRB"]
[SourceTitle "playchess.com"]
[Source "ChessBase"]
[SourceQuality "1"]
[TimeControl "40/5400+30:900+30"]

1. d4 Nf6 2. c4 e6 3. Nf3 c5 4. d5 d6 5. Nc3 exd5 6. cxd5 g6 7. Nd2 Bg7 8. e4 O-O 9. Be2 Re8 10. O-O Na6 11. f3 Nc7 12. a4 b6 13. Kh1 Rb8 {[%emt 0:07:12] A79: Modern Benoni: Classical: 9...Re8 10 Nd2 Na6 11 f3.} 14. Qc2 (14. Nc4 $14) 14... a6 $11 (14... Nfxd5 15. exd5 Bxc3 16. Qxc3 $16) 15. Nc4 b5 {[%emt 0:00:49] The position is equal.} 16. axb5 axb5 17. Na5 Bd7 {[%emt 0:00:45] [#]} 18. Rd1 $146 ({Predecessor:} 18. Bg5 h6 19. Bh4 Qe7 20. Rfe1 g5 21. Bg3 Nh5 22. Bf2 Qf8 23. Nc6 Ra8 24. Nxb5 Nxb5 25. Bxb5 Rxa1 26. Rxa1 {1-0 (30) Jankovic,A (2548)-Cabrilo,G (2420) Prijedor 2015}) 18... b4 19. Na4 {[%emt 0:11:18] [#]} ({White should play} 19. Nb1 $11) 19... Qe7 {[%emt 0:07:40] [#]} (19... Ncxd5 $1 $15 20. Nc4 b3) 20. Nxc5 $1 $14 dxc5 21. d6 Qd8 {[%emt 0:00:09] ...Ne6 is the strong threat.} (21... b3 $2 22. Nxb3 (22. dxe7 $2 bxc2 23. Rd2 Ne6 $19) 22... Qe5 23. dxc7 Qxc7 24. Nxc5 $18 (24. Qxc5 Qxc5 25. Nxc5 Bb5 $16)) 22. dxc7 Qxc7 23. Be3 Bb5 (23... Be6 $14) 24. Bxb5 $16 Rxb5 25. Nc4 {[%emt 0:00:33] Hoping for e5.} b3 {[%emt 0:01:58] [#]} ({Better is} 25... Rbb8 $1 $14) 26. Qf2 (26. Qd2 $1 $16) 26... Re6 {[%emt 0:11:21] Prevents Nd6.} (26... Rd8 $14) 27. e5 Ne8 28. f4 $36 {[%emt 0:00:08][%mdl 2048] White is in control. White is more active.} f6 $2 (28... Rb8 $16 29. Rd5 (29. Bxc5 Rc8 $14) 29... Qb7) 29. f5 $18 gxf5 (29... Re7 30. fxg6 hxg6) 30. Qxf5 Qf7 {[%emt 0:00:21][%cal Rf6e5] [#]} 31. Nd6 $2 (31. Ra7 $3 Qxa7 (31... Re7 32. Rxe7) 32. Qxe6+ Qf7 33. Qc8) 31... Rxe5 32. Qxe5 {[%emt 0:02:08] The board is on fire.} ({Worse is} 32. Nxf7 Rxf5 33. Ra7 c4 $11) 32... fxe5 33. Nxf7 Kxf7 34. Rd5 e4 $2 (34... Ke6 35. Rd8 (35. Rxc5 Rxc5 36. Bxc5 e4 $18) 35... Nf6 36. Ra6+ Kf5) 35. Rxc5 Rxc5 36. Bxc5 {[%emt 0:00:03] And now Ra7+ would win.} Bxb2 {[%emt 0:00:19][%mdl 4096] Endgame KRB-KBN} 37. Rb1 Be5 38. Rxb3 Nf6 39. g3 Ke6 40. Kg2 Kd5 41. Bg1 Kc4 (41... h5 $142 42. Rb6 Bc3) 42. Ra3 Bb2 43. Ra2 Bc3 44. Ra6 Kd3 45. Rd6+ Kc4 46. Kf1 Be5 47. Rd8 h5 48. Ke2 Bb2 49. Be3 Be5 50. Bf4 Bd4 51. Rc8+ Kd5 52. Rd8+ Kc4 53. h3 Nd5 54. Rc8+ Kb3 55. Bd2 Nf6 56. Rh8 Kc2 57. Rc8+ Kb3 58. Rh8 (58. Rc6 $142) 58... Kc2 $1 59. Rd8 Be5 60. Bg5 {[%emt 0:00:08] Weighted Error Value: White=0.62/Black=0.42} 1-0

[Event "2nd Serbia Open Masters 2022"]
[Site "Novi Sad"]
[Date "2022.07.01"]
[Round "4.33"]
[White "Tomazini, Zan"]
[Black "Koustav Chatterjee"]
[Result "0-1"]
[ECO "C54"]
[WhiteElo "2359"]
[BlackElo "2485"]
[Annotator "ChessBase"]
[PlyCount "74"]
[EventDate "2022.06.28"]
[EventType "swiss"]
[EventCountry "SRB"]
[SourceTitle "playchess.com"]
[Source "ChessBase"]
[SourceQuality "1"]
[TimeControl "40/5400+30:900+30"]

1. e4 e5 2. Nf3 Nc6 3. Bc4 Bc5 4. d3 Nf6 5. Bb3 d6 6. c3 a5 7. a4 Ba7 8. Nbd2 O-O 9. Nf1 d5 10. exd5 Nxd5 11. Ng3 f6 12. d4 exd4 13. O-O Be6 14. Re1 Qd7 15. cxd4 Rfe8 16. Ne4 Bf7 17. Nc5 Rxe1+ 18. Qxe1 Bxc5 19. dxc5 Ndb4 20. Qc3 Qd3 21. Bxf7+ Kxf7 22. Bf4 Re8 23. Rc1 Qxc3 24. Rxc3 Nd5 25. Rc4 Nxf4 26. Rxf4 Re2 27. g3 Ke6 28. b4 axb4 29. Nd4+ Nxd4 30. Rxd4 b3 31. Rb4 b2 32. Kg2 Kd5 33. Rxb7 Kc4 34. a5 Kc3 35. a6 Re1 36. a7 Ra1 37. c6 Kc2 0-1

[Event "2nd Serbia Open Masters 2022"]
[Site "Novi Sad"]
[Date "2022.07.01"]
[Round "4.34"]
[White "Karthik Venkataraman"]
[Black "Zlatanovic, Boroljub"]
[Result "1/2-1/2"]
[ECO "E74"]
[WhiteElo "2480"]
[BlackElo "2341"]
[Annotator "TA"]
[PlyCount "126"]
[EventDate "2022.06.28"]
[EventType "swiss"]
[EventCountry "SRB"]
[SourceTitle "playchess.com"]
[Source "ChessBase"]
[SourceQuality "1"]
[TimeControl "40/5400+30:900+30"]

1. d4 Nf6 2. c4 g6 3. Nc3 Bg7 4. e4 d6 5. Be2 O-O 6. Bg5 c5 7. d5 Qa5 8. Qd2 e6 {[%emt 0:00:47] E74: King's Indian: Averbakh Variation: 6...c5.} (8... a6 $11) 9. Nf3 $14 exd5 10. cxd5 Bg4 {[%emt 0:04:52] White has an edge.} 11. O-O Nbd7 {[%emt 0:12:54] [#]} 12. Bf4 $146 ({Predecessor:} 12. a4 a6 13. h3 Bxf3 14. Bxf3 c4 15. Be2 Rac8 16. Qf4 Qc5 17. a5 b5 18. axb6 Qxb6 {1-0 (29) Szeberenyi,A (2377)-Juhasz,B (2214) Hungary 2018}) 12... Ne8 (12... b5 $5) 13. a4 Bxf3 14. Bxf3 Ne5 15. Be2 f5 16. exf5 Rxf5 17. Bg3 Qb4 18. Qc2 Nf6 (18... c4 $142) 19. a5 $1 $16 c4 20. Ra4 Qc5 21. Bxe5 (21. b4 $16 cxb3 22. Qxb3) 21... Rxe5 $14 22. Bxc4 Rf8 23. Bb5 a6 24. Bd3 Kh8 25. Rh4 Rh5 26. b4 Qc7 27. Rc4 Qe7 28. Be2 Rf5 29. Bf3 Nd7 30. Qe2 (30. Rc7 Rxf3 31. gxf3 Qh4 $11) (30. Re4 $16 Qf6 31. Bg4 Qxc3 32. Qxc3 Bxc3 33. Bxf5 (33. Re7 R8f7 $17) 33... gxf5 34. Rc4) 30... Ne5 $11 31. Bg4 $36 {[%emt 0:03:19][%mdl 2048] Black is under pressure.} Rf4 (31... Rxf2 $11 32. Rxf2 Rxf2 33. Kxf2 Qf6+ 34. Kg3 Nxc4 35. Qe8+ (35. Qxc4 Qxc3+ 36. Qxc3 Bxc3 $11) 35... Bf8) 32. Rxf4 $1 $16 Rxf4 33. Bh3 (33. g3 $1 $16 Rc4 34. Ne4 Rxb4 35. Be6) 33... g5 (33... Qh4 $11 {keeps the balance.}) 34. Be6 $1 Nf3+ {[%emt 0:01:15][%mdl 64] Discovered Attack} 35. gxf3 Bxc3 36. Rc1 Qf6 (36... Bxb4 $16 37. Qb2+ Qf6 38. Rc8+ Kg7 39. Rc7+ Kh6) 37. Bg4 {[%emt 0:00:56] And now Qd3 would win.} h5 $2 (37... Qg7 38. Qd3 Be5 39. Rc8+ Rf8) 38. Bxh5 {[%emt 0:05:28] Threatens to win with Qd3.} Rxb4 (38... Qg7 $142 39. Qe6 Rf8) 39. Qe8+ $18 Kg7 40. Qd7+ Kh6 {[%emt 0:00:00] [#]} 41. Bg4 $1 {[%emt 0:00:39] aiming for Bf5.} Rf4 {[%emt 0:04:30] Inhibits Bf5.} 42. Rb1 ({Don't take} 42. Qxb7 Bd4 43. Rc2 (43. Qxa6 {leads to mate.} Rxg4+ 44. Kf1 Qxf3 45. Qxd6+ Kh5) 43... Bc5 44. Qxa6 Qd4) (42. Kg2 $142) 42... Bb4 $2 {[%emt 0:03:11] [#]} (42... Qg7) 43. Rxb4 $1 Rxb4 {[%emt 0:00:45][%mdl 4096] Endgame KQR-KQB} 44. Bf5 g4 45. fxg4 ({Weaker is} 45. Qh7+ Kg5 46. fxg4 Kf4 $16) 45... Kg5 46. Kg2 b5 47. Qe8 $2 (47. h4+ $18 {has better winning chances.} Kf4 48. Qe6 Qxe6 49. dxe6) 47... Rxg4+ $16 48. Bxg4 Kxg4 {[%emt 0:00:03] KQ-KQ} 49. Qe6+ Kg5 50. h4+ $1 Kg6 {[%emt 0:00:05] [#]} 51. h5+ $2 (51. Qxf6+ $1 $18 Kxf6 52. Kf1) 51... Kg7 $11 {[%emt 0:01:08] The position is equal.} 52. Kf1 {[%emt 0:00:50] Strongly threatening Qxf6+.} Qa1+ 53. Ke2 Qb2+ 54. Kf3 Qf6+ 55. Kg4 Qd4+ 56. Kg3 Qc3+ 57. Kg4 Qd4+ 58. Kg3 Qc3+ 59. f3 Qf6 60. f4 {[%emt 0:03:45] Black must now prevent Qxf6+.} b4 $1 61. Qd7+ Kh6 {[%emt 0:01:35] ( -> ...Qg7+)} 62. Qe6 Kg7 63. Qd7+ Kh6 {[%emt 0:00:34] White really could win this.  Weighted Error Value: White=0.37/Black=0.26 (precise)} 1/2-1/2

[Event "2nd Serbia Open Masters 2022"]
[Site "Novi Sad"]
[Date "2022.07.01"]
[Round "4.35"]
[White "Anuj Shrivatri"]
[Black "Bronstein, Or"]
[Result "1-0"]
[ECO "D16"]
[WhiteElo "2356"]
[BlackElo "2492"]
[Annotator "ChessBase"]
[PlyCount "99"]
[EventDate "2022.06.28"]
[EventType "swiss"]
[EventCountry "SRB"]
[SourceTitle "playchess.com"]
[Source "ChessBase"]
[SourceQuality "1"]
[TimeControl "40/5400+30:900+30"]

1. d4 d5 2. c4 c6 3. Nf3 Nf6 4. Nc3 dxc4 5. a4 e6 6. e3 Bb4 7. Bxc4 O-O 8. O-O h6 9. Qe2 a5 10. e4 b6 11. Na2 Be7 12. Rd1 Ba6 13. b3 Re8 14. Bf4 Bb7 15. Ne5 Rf8 16. Rac1 b5 17. Bd3 b4 18. Nc4 Re8 19. e5 Nd5 20. Qe4 g6 21. Bxh6 Kh7 22. Bd2 Rh8 23. Qf3 Kg7 24. Be4 Nd7 25. Ne3 N7b6 26. Rc2 Rc8 27. Ng4 Ba6 28. Nc1 Bg5 29. Be1 Qe7 30. g3 c5 31. dxc5 Rxc5 32. Rxc5 Qxc5 33. Nd3 Qc7 34. h4 Be7 35. Rc1 Nc3 36. Bxc3 bxc3 37. Nf4 Qd7 38. Qxc3 Ba3 39. Nf6 Qe7 40. Rd1 Bb4 41. Qf3 Qc7 42. Ng4 Qe7 43. h5 gxh5 44. Nf6 Rd8 45. N4xh5+ Kh8 46. Rxd8+ Qxd8 47. Qg4 Qf8 48. Nf4 Qd8 49. Qh4+ Kg7 50. N6h5+ 1-0

[Event "2nd Serbia Open Masters 2022"]
[Site "Novi Sad"]
[Date "2022.07.01"]
[Round "4.36"]
[White "Rohith Krishna S"]
[Black "Janzelj, Tim"]
[Result "1-0"]
[ECO "A89"]
[WhiteElo "2337"]
[BlackElo "2470"]
[Annotator "TA"]
[PlyCount "67"]
[EventDate "2022.06.28"]
[EventType "swiss"]
[EventCountry "SRB"]
[SourceTitle "playchess.com"]
[Source "ChessBase"]
[SourceQuality "1"]
[TimeControl "40/5400+30:900+30"]

1. Nf3 f5 2. g3 Nf6 3. Bg2 g6 4. b3 Bg7 5. Bb2 d6 6. d4 O-O 7. O-O Ne4 8. c4 Nc6 9. Nc3 e5 10. dxe5 Nxc3 11. Bxc3 Nxe5 {[%emt 0:07:27] A89: Dutch Defence: Leningrad System: 5 Nf3 0-0 6 0-0 d6 7 Nc3 Nc6.} ({Don't take} 11... Be6 12. Qc1 $16) (11... dxe5 $14 12. Qd5+ Kh8) 12. Nxe5 $16 dxe5 13. Qxd8 $1 Rxd8 {[%emt 0:00:01] White is better.} 14. Rad1 {[%emt 0:00:01] [#]} Rxd1 $146 ({Predecessor:} 14... Rd6 15. Rxd6 cxd6 16. Rd1 Bf8 17. c5 e4 18. cxd6 Bd7 19. f3 Rc8 20. Be5 Rc5 {1-0 (42) Tella,J (2310)-Keskinen,S Naantali 1996}) 15. Rxd1 c6 (15... Kf7 $142) 16. Rd8+ Kf7 {[%emt 0:00:09] [#]} 17. Bb4 $1 {[%emt 0:03:19] 0x0.001b69cc40bddp-1022s more active pieces.} e4 {[%emt 0:11:00] [#]} 18. f3 $1 Bf6 (18... Be5 $16 {keeps fighting.}) 19. Rf8+ $18 Kg7 {[%emt 0:00:01] And now ...Bd4+ would win.} 20. e3 {[%emt 0:07:37] Inhibits Bd4.} ({Not} 20. fxe4 Bd4+ 21. Kf1 c5 $17) 20... exf3 21. Bxf3 Be5 22. Re8 Kf6 23. Bc5 (23. g4 $18 {[%cal Og4g5] aiming for g5+!} a5 24. Bc5) 23... a5 (23... b6 $16) 24. a4 Bc3 (24... Rb8 $142 25. Ba7 Ra8) 25. Bd6 Kf7 26. Rf8+ Ke6 27. c5 Bg7 28. Rg8 Bf6 29. g4 Kd7 $2 (29... Kf7 30. Rf8+ Kg7 31. gxf5 gxf5) 30. Rf8 {[%emt 0:03:25] White is clearly winning.} Bg5 31. gxf5 gxf5 32. Rxf5 Bxe3+ 33. Kh1 {[%emt 0:00:14] Threatens to win with Rf6.} Bh6 34. Rf6 {[%emt 0:00:12] Black got outplayed after the opening.  Weighted Error Value: White=0.10 (very precise) /Black=0.55} 1-0